 Dungeon Crawl Stone Soup version 0.22.0-78-g6c94d2c (webtiles) character file.

1392 MalarOregon the Insei (level 8, 0/40 HPs)
             Began as a Vine Stalker Transmuter on Sept 16, 2018.
             Was an Elder of Makhleb.
             Shot with a sling bullet by Joseph (7 damage)
             ... on level 7 of the Dungeon.
             The game lasted 00:16:15 (5185 turns).

MalarOregon the Insei (Vine Stalker Transmuter)     Turns: 5185, Time: 00:16:17

Health: 0/40       AC:  4    Str: 13    XL:     8   Next: 68%
Magic:  0/15       EV: 13    Int: 15    God:    Makhleb [****..]
Gold:   124        SH:  0    Dex: 15    Spells: 0/15 levels left

rFire    . . .     SeeInvis .     - Unarmed
rCold    . . .     Gourm    .   (no shield)
rNeg     . . .     Faith    .   b - +1 robe
rPois    .         Spirit   +   (no helmet)
rElec    .         Reflect  .   (no cloak)
rCorr    +         Harm     .   l - +0 pair of gloves
MR       +....                  (no boots)
Stlth    +.........             (no amulet)
HPRegen  0.53/turn              u - ring of resist corrosion
MPRegen  0.14/turn              (no ring)

@: appendage, invisible
A: fangs 3, horns 2, regeneration 1, magic shield, antimagic bite, no potion
heal 3, rot immunity
a: End Transformation, Minor Destruction, Lesser Servant of Makhleb, Major
Destruction, Renounce Religion


You were on level 7 of the Dungeon.
You worshipped Makhleb.
Makhleb was greatly pleased with you.
You were not hungry.
You had grown temporary horns.
You visited 1 branch of the dungeon, and saw 7 of its levels.
You also visited: Ossuary.

You collected 279 gold pieces.
You spent 155 gold pieces at shops.

Inventory:

Missiles
 a - 80 arrows
 A - a throwing net (quivered)
Armour
 b - a +1 robe (worn)
 l - a +0 pair of gloves (worn)
 x - a +3 leather armour of cold resistance
Jewellery
 u - a ring of resist corrosion (left hand)
Wands
 t - a wand of iceblast (10)
 w - a wand of polymorph (7)
 B - a wand of random effects (16)
Scrolls
 c - a scroll of fear
 f - 2 scrolls of enchant weapon
 g - 5 scrolls of remove curse
 n - 3 scrolls of noise
 q - 5 scrolls of teleportation
 y - 2 scrolls of identify
 C - a scroll of amnesia {unknown}
Potions
 e - a potion of lignification
 j - a potion of might
 k - 2 potions of brilliance
 m - 2 potions of resistance
 o - 2 potions of haste
 p - a potion of agility
 r - 3 potions of ambrosia
 s - a potion of magic
 v - 3 potions of curing {unknown}
 z - a potion of degeneration {unknown}
Comestibles
 d - 14 rations
 h - 8 chunks of flesh


   Skills:
 + Level 3.3 Fighting
 + Level 3.3 Dodging
 * Level 5.9 Unarmed Combat
 + Level 4.1 Spellcasting
 * Level 5.6 Transmutations
 + Level 3.1 Invocations


You couldn't memorise any spells.
You knew the following spells:

 Your Spells              Type           Power        Failure   Level  Hunger
a - Beastly Appendage     Tmut           ###...       1%          1    None
b - Sticks to Snakes      Tmut           ###.....     2%          2    ##.....
c - Spider Form           Tmut/Pois      ##........   17%         3    ###....
d - Ice Form              Ice/Tmut       ##......     50%         4    ####...
e - Blade Hands           Tmut           ###.......   43%         5    ######.

Your spell library contained the following spells:

 Spells                   Type           Power        Failure   Level  Hunger


Dungeon Overview and Level Annotations

Branches:
Dungeon (7/15)
 Temple: D:4-7

Altars:
Dithmenos
Gozag
Makhleb
Okawaru
Yredelemnul
The Shining One

Shops:
D:4 !?   D:6 [

Annotations:
D:7 Joseph


Innate Abilities, Weirdness & Mutations

You have razor-sharp teeth.
Your natural rate of healing is unusually fast.
When hurt, damage is shared between your health and your magic reserves.
Your bite disrupts and absorbs the magic of your enemies.
Potions cannot restore your health.
You are immune to rotting.
You have a pair of horns on your head.


Message History

Makhleb accepts your kill.
Joseph unwields an uncursed quarterstaff.
Joseph wields a hunting sling.
Joseph shoots a sling bullet.
The sling bullet hits you!
Found a scroll of identify.
Items here: )) [[[ †† Joseph unwields an uncursed hunting sling.
Joseph wields an uncursed quarterstaff.
Joseph hits you with an uncursed quarterstaff!
* * * LOW HITPOINT WARNING * * *
An orc warrior comes into view. It is wielding a glaive.
You are too injured to fight recklessly!
Joseph unwields an uncursed quarterstaff.
Joseph wields an uncursed hunting sling.
Joseph shoots a sling bullet.
The sling bullet hits you!!
* * * LOW HITPOINT WARNING * * *
Items here: ( )) [[[ †† You fade into invisibility!
Joseph shoots a sling bullet.
The sling bullet hits you!
You die...

#......##.##.#..##.#
#.....<.#..........#
#...>..#.######.####
#..)..###.## #.#
#....## #.# #.#
#####.###.## ##.#
##.#.# #..# ##(# #.##
#######@# #.#
..?.....# #.#
.#####@.######.#######
..o#.............##.
....###.###...........
#.#.# #. #...##...##.
# #. ###.......(# ..
#....#)..# ..
##...#...#


You could see Joseph and an orc warrior.

Vanquished Creatures
  Eustachio (D:6)
  An orc warrior (D:7)
  2 phantoms
  A bullfrog (D:7)
  A scorpion (D:5)
  A howler monkey (D:4)
  A crimson imp (D:5)
  A bullfrog zombie (D:7)
  A hound (D:2)
  2 orc priests
  A jelly (D:5)
  A bullfrog skeleton (D:5)
  A centaur skeleton (D:5)
  4 orc wizards
  Ijyb (D:4)
  Terence (D:2)
  7 big kobold zombies (Ossuary)
  A mummy (Ossuary)
  A howler monkey skeleton (D:3)
  9 adders
  2 shadow imps (D:5)
  An ooze (D:6)
  An adder skeleton (D:4)
  6 worms
  A dart slug (D:3)
  A leopard gecko (D:5)
  26 orcs
  4 spectral bats (Ossuary)
  6 giant cockroaches
  5 gnoll zombies (Ossuary)
  5 goblins
  3 hobgoblins
  2 jackals (D:5)
  A kobold (D:3)
  7 quokkas
  A ball python (D:1)
  10 bats
  3 bat simulacra (Ossuary)
  3 frilled lizards
  3 goblin simulacra (Ossuary)
  6 goblin zombies (Ossuary)
  3 hobgoblin zombies (Ossuary)
  9 kobold simulacra (Ossuary)
  6 kobold zombies (Ossuary)
  2 leopard gecko skeletons (D:5)
  3 orc zombies (Ossuary)
  2 quokka zombies
  3 rats
  4 rat simulacra (Ossuary)
  3 spectral goblins (Ossuary)
  A spectral kobold (Ossuary)
  4 spectral rats (Ossuary)
176 creatures vanquished.

Notes
Turn   | Place    | Note
-------+----------+-------------------------------------------
     0 | D:1      | MalarOregon the Vine Stalker Transmuter began the quest for
                  | the Orb.
     0 | D:1      | Reached XP level 1. HP: 9/9 MP: 4/4
   121 | D:1      | Reached skill level 1 in Fighting
   309 | D:1      | Reached XP level 2. HP: 12/14 MP: 6/6
   780 | D:2      | Found a burning altar of Makhleb.
   789 | D:2      | Reached XP level 3. HP: 7/18 MP: 2/7
   800 | D:2      | Became a worshipper of Makhleb the Destroyer
  1296 | D:2      | Gained mutation: Your natural rate of healing is unusually
                  | fast. [Vine Stalker growth]
  1296 | D:2      | Reached XP level 4. HP: 22/22 MP: 6/8
  1497 | D:2      | Noticed Terence
  1510 | D:2      | Killed Terence
  1966 | D:3      | Reached XP level 5. HP: 24/26 MP: 10/10
  2231 | D:3      | Reached * piety under Makhleb
  2636 | D:3      | Learned a level 2 spell: Sticks to Snakes
  2640 | D:3      | Learned a level 3 spell: Spider Form
  2695 | D:4      | Reached skill level 1 in Invocations
  2712 | D:4      | Reached XP level 6. HP: 19/30 MP: 8/11
  2718 | D:4      | Found Yhezegg's Distillery.
  2730 | D:4      | Noticed Ijyb
  2736 | D:4      | Found Rajibbao's Magic Scroll Shop.
  2738 | D:4      | Noticed a phantom
  2769 | D:4      | Found a sand-covered staircase.
  2777 | Ossuary  | Entered an ossuary
  2892 | Ossuary  | Reached ** piety under Makhleb
  3218 | Ossuary  | Reached *** piety under Makhleb
  3357 | D:4      | Reached XP level 7. HP: 23/35 MP: 6/13
  3495 | D:4      | Killed Ijyb
  3517 | D:4      | Bought a scroll of fear for 35 gold pieces
  3517 | D:4      | Bought 2 scrolls of identify for 40 gold pieces
  3517 | D:4      | Bought a scroll of identify for 20 gold pieces
  3517 | D:4      | Bought a scroll of identify for 20 gold pieces
  3517 | D:4      | Bought a scroll of identify for 20 gold pieces
  3517 | D:4      | Bought a scroll of identify for 20 gold pieces
  3937 | D:5      | Entered Level 5 of the Dungeon
  4003 | D:5      | Found a shadowy altar of Dithmenos.
  4028 | D:5      | Reached skill level 5 in Unarmed Combat
  4057 | D:5      | Found a basalt altar of Yredelemnul.
  4059 | D:5      | Noticed a profane servitor
  4071 | D:5      | Found a glowing golden altar of the Shining One.
  4073 | D:5      | Noticed an angel
  4098 | D:5      | Found a burning altar of Makhleb.
  4108 | D:5      | Found an iron altar of Okawaru.
  4177 | D:5      | Gained mutation: You have razor-sharp teeth. [Vine Stalker
                  | growth]
  4177 | D:5      | Reached XP level 8. HP: 24/39 MP: 10/14
  4451 | D:5      | Reached skill level 5 in Transmutations
  4577 | D:6      | Found Kodurch's Armour Shop.
  4613 | D:6      | Reached **** piety under Makhleb
  4638 | D:6      | Noticed Eustachio
  4678 | D:6      | Killed Eustachio
  4787 | D:6      | Learned a level 4 spell: Ice Form
  4793 | D:6      | Learned a level 5 spell: Blade Hands
  4888 | D:6      | Found an opulent altar of Gozag.
  5178 | D:7      | Noticed Joseph
  5185 | D:7      | Shot with a sling bullet by Joseph

Skill      XL: |  1  2  3  4  5  6  7  8 |
---------------+-------------------------+-----
Fighting       | 1 2 3 |  3.3
Dodging        | 2 3 |  3.3
Transmutations | 3 4 5 |  5.6
Spellcasting   | 3 4 |  4.1
Invocations    | 1 2 3 |  3.1
Unarmed Combat | 4 5 |  5.9

Action                   |  1- 3 |  4- 6 |  7- 9 || total
-------------------------+-------+-------+-------++-------
Melee: Unarmed           |    50 |   349 |   265 ||   664
       Bite              |    16 |   108 |    61 ||   185
       Headbutt          |     4 |    31 |    17 ||    52
       Kick              |     3 |    49 |    52 ||   104
       Punch             |       |     5 |     6 ||    11
Throw: Throwing net      |       |       |     2 ||     2
 Cast: Beastly Appendage |    15 |    45 |    32 ||    92
  Use: Scroll            |       |     9 |     7 ||    16
       Potion            |       |     1 |     1 ||     2
 Stab: Sleeping          |     1 |     7 |     1 ||     9
       Held in net/web   |       |       |     2 ||     2
  Eat: Chunk             |     1 |     6 |     8 ||    15
Armor: Robe              |     9 |    63 |    61 ||   133
Dodge: Dodged            |    34 |   203 |   155 ||   392
